 Dungeon Crawl Stone Soup version 0.20.0-8-g6b59dc7 (webtiles) character file.

617 rageheart7 the Destroyer (level 7, -2/40 HPs)
             Began as a Tengu Conjurer on May 31, 2017.
             Slain by a jackal (3 damage)
             ... on level 4 of the Dungeon.
             The game lasted 00:09:37 (3590 turns).

rageheart7 the Destroyer (Tengu Conjurer)           Turns: 3590, Time: 00:09:38

Health: -2/40      AC:  3    Str:  8    XL:     7   Next: 45%
Magic:  1/13       EV: 11    Int: 17    God:
Gold:   270        SH:  3    Dex: 15    Spells: 8/13 levels left

rFire    . . .     SeeInvis .   g - +3 mace (protect)
rCold    . . .     Gourm    .   o - +0 buckler
rNeg     . . .     Faith    .   q - +0 leather armour (curse)
rPois    .         Spirit   .   (helmet restricted)
rElec    .         Reflect  .   (no cloak)
rCorr    .         Harm     .   (no gloves)
MR       .....                  (boots unavailable)
Stlth    ++........             (no amulet)
Regen    0.2/turn               (no ring)
MPRegen  0.2/turn               (no ring)

@: no status effects
A: beak, talons 3, able to fly 1
a: Fly


You were on level 4 of the Dungeon.
You were not hungry.

You visited 1 branch of the dungeon, and saw 4 of its levels.

You collected 270 gold pieces.

Inventory:

Hand Weapons
 g - a +3 mace of protection (weapon)
Armour
 o - a +0 buckler (worn)
 q - a cursed +0 leather armour (worn)
Jewellery
 d - an uncursed amulet of faith
 j - an uncursed ring of fire
Scrolls
 e - a scroll of magic mapping
 k - a scroll of enchant armour {unknown}
 m - 2 scrolls of teleportation
 p - 2 scrolls of recharging {unknown}
Potions
 a - 2 potions of curing
 h - a potion of flight
 i - a potion of heal wounds {unknown}
Books
 b - a book of Conjurations

   Spells                             Type                      Level
   a - Magic Dart                     Conjuration                  1
   b - Searing Ray                    Conjuration                  2
   c - Dazzling Spray                 Conjuration/Hexes            3
   d - Fulminant Prism                Conjuration/Hexes            4
   e - Force Lance                    Conjuration/Translocation    4
   f - Iskenderun's Mystic Blast      Conjuration                  4
Comestibles
 c - 3 bread rations
 f - a meat ration
 l - a chunk of flesh
 n - a fruit


   Skills:
 * Level 2.4 Fighting
 - Level 2.1 Dodging
 - Level 2.0 Stealth
 - Level 0.2 Shields
 * Level 3.5 Spellcasting
 - Level 10.0 Conjurations


You had 8 spell levels left.
You knew the following spells:

 Your Spells              Type           Power        Failure   Level  Hunger
a - Magic Dart            Conj           ####         1%          1    None
b - Iskenderun's Mystic   Conj           #####...     6%          4    ####...


Dungeon Overview and Level Annotations

Branches:
Dungeon (4/15)
 Temple: D:4-7

Altars:
Nemelex Xobeh

Shops:
D:4 :

Annotations:
D:4 Liimbo's ghost, amateur TeCj


Innate Abilities, Weirdness & Mutations

You have a beak for a mouth.
You have claws for feet.
You can fly.


Message History

The adder dies!
The orb of energy explodes!
Liimbo's ghost points at you and mumbles some strange words.
The magic dart hits you!
You are too injured to fight recklessly!
You are too injured to fight recklessly!
You are too injured to fight recklessly!
You are too injured to fight recklessly!
You are too injured to fight recklessly!
You miss Liimbo's ghost.
You peck Liimbo's ghost, but do no damage.
Liimbo's ghost is almost destroyed.
The jackal bites you. Liimbo's ghost casts a spell at you.
The orb of energy hits you!
* * * LOW HITPOINT WARNING * * *
The orb of energy explodes!
The mystic blast hits the jackal.
The jackal completely misses you. The jackal bites you.
You die...

#.###.
#..#. #....
... ##
...#.##
###.#...###
#..W.......
#h# ..#
#@##..#
#...# ###.#
# #.#.#
#.###.#.#
#.......#
#####.###
#..... #.#
#####.....
#.#
#.........


You could see Liimbo's ghost and a jackal.

Vanquished Creatures
  Sigmund (D:2)
  A phantom (D:4)
  A scorpion (D:4)
  A howler monkey (D:4)
  3 orc wizards
  A worker ant (D:4)
  3 gnolls (D:3)
  6 adders
  An ooze (D:3)
  2 adder skeletons (D:2)
  2 worms
  3 dart slugs
  A leopard gecko (D:1)
  9 orcs
  A ball python (D:3)
  5 bats
  A bat skeleton (D:2)
  4 giant cockroaches
  5 hobgoblins
  A quokka (D:4)
  A ball python skeleton (D:2)
  4 frilled lizards
  8 goblins
  A jackal skeleton (D:2)
  4 kobolds
  3 rats
73 creatures vanquished.

Vanquished Creatures (others)
  An adder (D:4)
1 creature vanquished.

Grand Total: 74 creatures vanquished

Notes
Turn   | Place    | Note
-------+----------+-------------------------------------------
     0 | D:1      | rageheart7 the Tengu Conjurer began the quest for the Orb.
     0 | D:1      | Reached XP level 1. HP: 10/10 MP: 4/4
   379 | D:1      | Reached XP level 2. HP: 15/15 MP: 0/6
   398 | D:1      | Reached skill level 6 in Conjurations
   868 | D:2      | Reached XP level 3. HP: 19/19 MP: 0/7
  1061 | D:2      | Noticed Sigmund
  1071 | D:2      | Killed Sigmund
  1071 | D:2      | Reached skill level 9 in Conjurations
  1071 | D:2      | Reached XP level 4. HP: 13/24 MP: 1/8
  1071 | D:2      | Gained mutation: You can fly. [Tengu growth]
  1071 | D:2      | Reached XP level 5. HP: 15/28 MP: 1/9
  1079 | D:2      | Learned a level 4 spell: Iskenderun's Mystic Blast
  1334 | D:2      | Reached XP level 6. HP: 31/32 MP: 10/10
  1438 | D:2      | Found a sparkling altar of Nemelex Xobeh.
  2445 | D:3      | Reached skill level 10 in Conjurations
  2704 | D:4      | Reached skill level 1 in Fighting
  3103 | D:4      | Reached XP level 7. HP: 34/39 MP: 0/11
  3124 | D:4      | Found Tyruw's Book Shop.
  3330 | D:4      | Noticed Liimbo's ghost (amateur TeCj)
  3589 | D:4      | HP: 1/40 [Liimbo's ghost/orb of energy (16)]
  3590 | D:4      | Slain by a jackal

Skill      XL: |  1  2  3  4  5  6  7 |
---------------+----------------------+-----
Conjurations   | 6 9 10 | 10.0
Fighting       | 1 2 |  2.4
Spellcasting   | 3 |  3.5
Dodging        | |  2.1
Stealth        | |  2.0
Shields        | |  0.2

Action                   |  1- 3 |  4- 6 |  7- 9 || total
-------------------------+-------+-------+-------++-------
Melee: Unarmed           |     2 |       |       ||     2
       Kick              |     3 |    16 |     5 ||    24
       Mace              |     9 |    67 |    18 ||    94
       Peck              |     3 |     3 |     3 ||     9
 Cast: Magic Dart        |    44 |    36 |    22 ||   102
       Iskenderun's Myst |       |    10 |     5 ||    15
  Use: Scroll            |     6 |     5 |       ||    11
       Potion            |     1 |     4 |       ||     5
 Stab: Sleeping          |       |     1 |       ||     1
  Eat: Chunk             |     1 |     7 |     1 ||     9
       Royal jelly       |       |     1 |     1 ||     2
Armor: Robe              |     6 |    17 |       ||    23
       Leather armour    |       |     7 |     8 ||    15
Dodge: Dodged            |    23 |    42 |    19 ||    84
Block: Buckler           |       |       |     2 ||     2
